 Dungeon Crawl Stone Soup version 0.31-a0-7-g51783674b7 (webtiles) character file.

Game seed: 8047909275568916437

88 Pimp the Covered (level 4, 0/38 HPs)
             Began as a Barachi Fighter on May 5, 2023.
             Slain by a gnoll
             ... wielding a +0 halberd
              (2 damage)
             ... on level 3 of the Dungeon.
             The game lasted 00:03:03 (2108 turns).

Pimp the Covered (Barachi Fighter)                  Turns: 2108, Time: 00:03:04

Health: 0/38       AC:  7    Str: 18    XL:     4   Next: 54%
Magic:  4/4        EV:  9    Int:  8    God:
Gold:   85         SH:  5    Dex: 13    Spells: 3/3 levels left

rFire   . . .        a - +0 long sword
rCold   . . .        c - +0 buckler
rNeg    . . .        b - +0 scale mail
rPois   .            (no helmet)
rElec   .            (no cloak)
rCorr   .            (no gloves)
SInv    .            (no boots)
Will    .....        (no amulet) Stlth
                     (no ring)
HPRegen 0.26/turn    (no ring)
MPRegen 0.09/turn

%: no passive effects
@: slow
A: amphibious, slowness 1, strong legs 1, +LOS
a: Hop


You were on level 3 of the Dungeon.
You visited 1 branch of the dungeon, and saw 3 of its levels.

You collected 85 gold pieces.

Inventory:

Hand Weapons
 a - a +0 long sword (weapon)
Armour
 b - a +0 scale mail (worn)
 c - a +0 buckler (worn)
Jewellery
 f - a ring of ice
Scrolls
 e - 4 scrolls of identify
 g - 4 scrolls of immolation
 k - a scroll of summoning {unknown}
 l - 2 scrolls of enchant armour {unknown}
Potions
 d - a potion of might
 h - a potion of flight
 i - a potion of mutation {unknown}


   Skills:
 + Level 4.3 Fighting
 + Level 3.5 Long Blades
 + Level 4.4 Armour
 + Level 4.0 Shields


You had 3 spell levels left.
You didn't know any spells.
Your spell library was empty.

Dungeon Overview and Level Annotations

Branches:
Dungeon (3/15)

Altars:


Innate Abilities, Weirdness & Mutations

You are amphibious.
You cover ground slowly.
You can hop short distances.
You have an extended range of vision and can be seen from far away.


Message History

You struggle against the net.
The gnoll barely misses you.
The gnoll hits you from afar with a +0 spear.
You cannot do that while held in a net.
You shred the net and break free! The gnoll barely misses you.
The gnoll hits you from afar with a +0 spear.
The ball python bites you but does no damage.
The ball python barely misses you. The ball python barely misses you.
The ball python grabs you. The ball python constricts you.
You escape the ball python's grasp.
The ball python attacks as you move away!
The ball python bites you but does no damage.
The ball python closely misses you.
The gnoll throws a throwing net.
The throwing net barely misses you.
The ball python attacks as you move away!
The ball python barely misses you.
You hit the ball python.
You kill the ball python!
The gnoll hits you from afar with a +0 spear.
The gnoll misses you.
The ball python attacks as you move away!
The ball python completely misses you.
Found 9 gold pieces.
You slash the ball python!
You kill the ball python!
The gnoll hits you from afar with a +0 spear.
You see here 9 gold pieces.
You now have 85 gold pieces (gained 9).
The gnoll hits you but does no damage. The gnoll barely misses you.
The gnoll hits you with a +0 spear.
You barely miss the gnoll.
The gnoll hits you from afar with a +0 halberd!
* * * LOW HITPOINT WARNING * * *
You block the gnoll's attack.
The gnoll hits you from afar with a +0 halberd.
* * * LOW HITPOINT WARNING * * *
The gnoll barely misses you. x2
As you read the scroll labelled HEXTOS EFEHAA, it crumbles to dust.
The creatures around you are filled with an inner flame!
It was a scroll of immolation.
The gnoll hits you with a +0 halberd.
You die...

#..........
####..#....###.
####..........#
#....g(..........
#.##.##..##......
#.##g##........#.
#g.†.##.>##......
#g#####..# ##.#.
#@#####... .#
#.g.....#.. .
#.#######.. #...#
..##.# #... #
#.#. ## .. .#


You could see 3 gnolls.

Vanquished Creatures
  Robin (D:2)
  An adder (D:2)
  A dart slug (D:2)
  6 ball pythons
  4 bats
  3 endoplasms
  A giant cockroach (D:2)
  10 goblins
  11 hobgoblins
  4 jackals (D:1)
  A kobold (D:2)
  3 quokkas
  6 frilled lizards
  5 rats
57 creatures vanquished.

Notes
Turn   | Place    | Note
-------+----------+-------------------------------------------
     0 | D:1      | Pimp the Barachi Fighter began the quest for the Orb.
     0 | D:1      | Reached XP level 1. HP: 18/18 MP: 1/1
   198 | D:1      | Reached XP level 2. HP: 25/25 MP: 2/2
   922 | D:1      | Reached XP level 3. HP: 28/30 MP: 3/3
  1179 | D:2      | Noticed Robin
  1232 | D:2      | Killed Robin
  1241 | D:2      | Reached XP level 4. HP: 22/37 MP: 4/4
  2106 | D:3      | HP: 1/38 [gnoll/+0 halberd (3)]
  2108 | D:3      | Slain by a gnoll

Illustrated notes

Levels and vault maps discovered:
D:1:      dpeg_arrival_tiny_c, layout_basic
D:2:      layout_basic, uniq_robin
D:3:      layout_loops_cross, chequers_temple_overflow_minitemple,
          dreamdust_wishing_well

Skill      XL: |  1  2  3  4 |
---------------+-------------+-----
Armour         | 4 |  4.4
Long Blades    | 3 |  3.5
Fighting       | 4 |  4.3
Shields        | 4 |  4.0

Action                     |  1- 3 |  4- 6 || total
---------------------------+-------+-------++-------
  Melee: Long sword        |   151 |    50 ||   201
    Use: Scroll            |     4 |     1 ||     5
 Armour: Scale mail        |    81 |    31 ||   112
  Dodge: Dodged            |    65 |    48 ||   113
  Block: Buckler           |    43 |    20 ||    63

Table legend: (Time is in decaauts)
 A = Elapsed time spent in this place.
 B = Non-inter-level travel time spent in this place.
 C = Inter-level travel time spent in this place.
 D = Time resting spent in this place.
 E = Time spent auto-exploring this place.
 F = Levels seen in this place.
 G = Mean time per level.
                   A        B        C        D        E       F      G
               +--------+--------+--------+--------+--------+-----+--------+
         Total |   2494 |   2419 |     75 |     51 |   1839 |   3 |  831.3 |
       Dungeon |   2494 |   2419 |     75 |     51 |   1839 |   3 |  831.3 |
               +--------+--------+--------+--------+--------+-----+--------+

Top non-repeatable levels by time:
     D:1: 1365 daAuts
     D:2: 1076 daAuts
     D:3: 53 daAuts
